 Dungeon Crawl Stone Soup version 0.23.0 (webtiles) character file.

Game seed: 651235226652898715

1047 grindst0ne the Ducker (level 8, -1/41 HPs)
             Began as a Deep Elf Fire Elementalist on Feb 10, 2019.
             Slain by a worker ant (4 damage)
             ... on level 6 of the Dungeon.
             The game lasted 00:12:56 (5275 turns).

grindst0ne the Ducker (Deep Elf Fire Elementalist)  Turns: 5275, Time: 00:12:57

Health: -1/41      AC:  4    Str:  5    XL:     8   Next: 5%
Magic:  2/14       EV: 21    Int: 26    God:
Gold:   354        SH:  0    Dex: 20    Spells: 2/13 levels left

rFire    . . .     SeeInvis .   m - +1 short sword (venom)
rCold    . . .     Gourm    .   (no shield)
rNeg     + . .     Faith    .   n - +1 leather armour "Vacesor" {rElec Int+3 Stlth-}
rPois    +         Spirit   .   (no helmet)
rElec    +         Reflect  .   (no cloak)
rCorr    .         Harm     .   (no gloves)
MR       .....                  (no boots)
Stlth    ++........             (no amulet)
HPRegen  0.13/turn              j - ring of poison resistance
MPRegen  0.14/turn              q - ring of positive energy

@: agile, lethally poisoned (-1 -> -2), very slightly contaminated, hasted, very
quick
A: no striking features
a: no special abilities


You were on level 6 of the Dungeon.
You were not hungry.

You visited 1 branch of the dungeon, and saw 7 of its levels.

You collected 354 gold pieces.

Inventory:

Hand Weapons
 m - a +1 short sword of venom (weapon)
Armour
 a - a +1 robe
 n - the +1 leather armour "Vacesor" (worn) {rElec Int+3 Stlth-}
   (You found it on level 4 of the Dungeon)

   It affects your intelligence (+3).
   It insulates you from electricity.
   It makes you less stealthy.
Magical Staves
 t - an uncursed staff of cold
Jewellery
 j - a ring of poison resistance (left hand)
 q - a ring of positive energy (right hand)
Wands
 u - a wand of random effects (20)
Scrolls
 b - 5 scrolls of teleportation
 d - 2 scrolls of random uselessness {unknown}
 h - 3 scrolls of identify {unknown}
 l - 2 scrolls of blinking {unknown}
 o - a scroll of amnesia {unknown}
 s - a scroll of fear {unknown}
Potions
 e - a potion of mutation {unknown}
 f - 2 potions of agility
 g - a potion of brilliance {unknown}
 i - 2 potions of heal wounds {unknown}
 k - 2 potions of haste
 r - a potion of ambrosia {unknown}
Comestibles
 c - 12 rations
 p - 6 chunks of flesh


   Skills:
 + Level 6.9 Dodging
 - Level 2.4 Stealth
 - Level 3.0 Spellcasting
 + Level 5.9 Conjurations
 + Level 6.7 Fire Magic


You had 2 spell levels left.
You knew the following spells:

 Your Spells              Type           Power        Failure   Level  Hunger
a - Flame Tongue          Conj/Fire      #####        1%          1    None
b - Conjure Flame         Conj/Fire      #####...     3%          3    ###....
c - Sticky Flame          Conj/Fire      #####...     12%         4    ####...
d - Spider Form           Tmut/Pois      #.........   43%         3    ###....

Your spell library contained the following spells:

 Spells                   Type           Power        Failure   Level  Hunger
 Throw Flame              Conj/Fire      #####.       1%          2    ##.....
 Beastly Appendage        Tmut           #.....       16%         1    None
 Sticks to Snakes         Tmut           #.......     24%         2    ##.....
 Inner Flame              Hex/Fire       ###.....     12%         3    ###....
 Fireball                 Conj/Fire      #####.....   32%         5    ######.
 Ice Form                 Ice/Tmut       #.......     83%         4    ####...
 Blade Hands              Tmut           #.........   99%         5    ######.


Dungeon Overview and Level Annotations

Branches:
Dungeon (7/15)
 Temple: D:4-7

Altars:

Annotations:
D:6 3 runed translucent doors, Killmatronix's ghost, novice OgCK


Message History

The worker ant barely misses you. The worker ant bites you.
* * * LOW HITPOINT WARNING * * *
It was a potion of agility.
You feel agile all of a sudden.
You feel sick. The worker ant bites you.
* * * LOW HITPOINT WARNING * * *
It was a potion of haste.
You feel yourself speed up. The worker ant closely misses you.
You hit the worker ant but do no damage.
The worker ant is poisoned.
The worker ant closely misses you.
You hit the worker ant but do no damage.
The worker ant looks as sick as possible!
The worker ant is lightly wounded.
The worker ant bites you.
* * * LOW HITPOINT WARNING * * *
You hit the worker ant but do no damage.
The worker ant looks as sick as possible!
The worker ant is heavily wounded.
You feel sick. The worker ant bites you.
You die...

... ...
... ##>###
#....#
#....#
#....#
#.@..#
#a<..#
#....$....
#$.$.#....
#....# ###
#....#
#....#
######


You could see a worker ant.

Vanquished Creatures
  An ice beast (D:5)
  A sky beast (D:2)
  2 big kobolds (D:3)
  A bullfrog (D:6)
  2 scorpions
  2 crimson imps (D:5)
  2 orc priests (D:5)
  2 bullfrog skeletons (D:4)
  3 hounds
  An iguana (D:5)
  4 worker ants
  A gnoll (D:1)
  5 adders
  2 oozes
  4 worms
  A dart slug (D:1)
  5 leopard geckos
  7 orcs
  A ball python (D:1)
  2 bats
  6 giant cockroaches
  15 goblins
  8 hobgoblins
  3 jackals (D:4)
  3 quokkas
  8 frilled lizards
  13 kobolds
  A quokka skeleton (D:4)
  3 rats
109 creatures vanquished.

Notes
Turn   | Place    | Note
-------+----------+-------------------------------------------
     0 | D:1      | grindst0ne the Deep Elf Fire Elementalist began the quest
                  | for the Orb.
     0 | D:1      | Reached XP level 1. HP: 10/10 MP: 6/6
    53 | D:1      | Reached XP level 2. HP: 5/15 MP: 0/8
   446 | D:1      | Reached XP level 3. HP: 19/19 MP: 5/9
   913 | D:2      | Learned a level 3 spell: Conjure Flame
   981 | D:2      | Noticed a sky beast
  1177 | D:2      | Reached XP level 4. HP: 24/24 MP: 4/10
  1577 | D:2      | Killed a sky beast
  1577 | D:2      | Reached XP level 5. HP: 21/28 MP: 1/11
  1804 | D:3      | Learned a level 4 spell: Sticky Flame
  2030 | D:3      | Reached skill level 5 in Fire Magic
  2120 | D:3      | Reached XP level 6. HP: 32/32 MP: 10/12
  2136 | D:3      | Reached skill level 5 in Dodging
  3078 | D:4      | Got a transparent leather armour
  3089 | D:4      | Identified the +1 leather armour "Vacesor" {rElec Int+3
                  | Stlth-} (You found it on level 4 of the Dungeon)
  3095 | D:4      | Reached XP level 7. HP: 32/36 MP: 8/13
  3605 | D:5      | Entered Level 5 of the Dungeon
  3608 | D:5      | Reached skill level 5 in Conjurations
  3929 | D:5      | Learned a level 3 spell: Spider Form
  4280 | D:5      | You fall through a shaft for 2 floors!
  4655 | D:6      | Noticed Killmatronix's ghost (novice OgCK)
  4681 | D:6      | Found a runed translucent gate.
  4681 | D:6      | Found a runed translucent gate.
  4681 | D:6      | Found a runed translucent gate.
  5270 | D:6      | Reached XP level 8. HP: 14/41 MP: 1/14
  5275 | D:6      | Slain by a worker ant

Skill      XL: |  1  2  3  4  5  6  7 |
---------------+----------------------+-----
Dodging        | 3 4 5 6 |  6.9
Conjurations   | 2 3 4 5 |  5.9
Fire Magic     | 4 5 6 |  6.7
Stealth        | |  2.4
Spellcasting   | |  3.0

Action                   |  1- 3 |  4- 6 |  7- 9 || total
-------------------------+-------+-------+-------++-------
Melee: Short sword       |       |     1 |    55 ||    56
 Cast: Flame Tongue      |    66 |   115 |    57 ||   238
       Conjure Flame     |       |     4 |       ||     4
       Sticky Flame      |       |       |     3 ||     3
  Use: Scroll            |     4 |       |       ||     4
       Potion            |       |       |     2 ||     2
  Eat: Chunk             |       |     7 |     7 ||    14
Armor: Robe              |     3 |     7 |       ||    10
       Leather armour    |       |       |    18 ||    18
Dodge: Dodged            |    11 |    44 |    52 ||   107
